 Dungeon Crawl Stone Soup version 0.17-a0-1667-g4ca74a1 (webtiles) character file.

138 Skarn the Shooter (level 5, -20/45 HPs)
             Began as a Minotaur Hunter on Aug 17, 2015.
             Demolished by an ogre
             ... wielding a +0 giant club
              (23 damage)
             ... on level 4 of the Dungeon.
             The game lasted 00:31:56 (1994 turns).

Skarn the Shooter (Minotaur Hunter)                 Turns: 1994, Time: 00:31:56

Health: -20/45     AC:  7    Str: 18    XL:     5   Next: 1%
Magic:  4/4        EV: 10    Int:  8    God:
Gold:   121        SH:  0    Dex: 10    Spells: 0 memorised, 4 levels left

rFire  . . .     SeeInvis .     c - +0 short sword
rCold  . . .     Clarity  .     j - +0 scale mail
rNeg   . . .     SustAt   .     (no shield)
rPois  .         Gourm    .     (helmet restricted)
rElec  .         Spirit   .     (no cloak)
rCorr  .         Warding  .     B - +0 pair of gloves
rMut   .         Stasis   .     (no boots)
MR     .....                    (no amulet)
Stlth  ..........               (no ring)
                                (no ring)

@: not resistant to hostile enchantments, extremely unstealthy
A: retaliatory headbutt, horns 2
a: no special abilities


You were on level 4 of the Dungeon.
You were not hungry.

You visited 1 branch of the dungeon, and saw 4 of its levels.

You collected 121 gold pieces.

Inventory:

Hand weapons
 a - a +1 shortbow
 c - a +0 short sword (weapon)
 l - a +0 short sword
 r - a +0 short sword
 s - a -2 hunting sling
 x - a +0 mace
 G - a +0 spear
 J - a +0 dagger
 O - a +0 mace
Missiles
 b - 70 arrows
 n - 117 stones (quivered)
 A - 3 tomahawks
Armour
 d - a +0 leather armour
 j - a +0 scale mail (worn)
 k - a +0 leather armour
 m - a +0 scale mail
 B - a +0 pair of gloves (worn)
 D - a +0 robe
 I - a +0 robe
 P - a +0 animal skin
 Q - a +0 helmet
Jewellery
 v - a cursed ring of loudness
Scrolls
 o - a scroll of noise {unknown}
 q - a scroll of enchant armour {unknown}
 t - a scroll of fear {unknown}
 u - a scroll of identify
 y - 2 scrolls of amnesia {unknown}
 z - 4 scrolls of teleportation {unknown}
 C - a scroll of magic mapping {unknown}
 E - a scroll of random uselessness {unknown}
 F - a scroll of immolation {unknown}
Potions
 f - 4 potions of degeneration {unknown}
 g - 2 potions of cancellation {unknown}
 h - 2 potions of haste {unknown}
 i - a potion of agility {unknown}
 p - a potion of curing {unknown}
 H - a potion of poison {unknown}
 K - 2 potions of mutation {unknown}
Comestibles
 e - 3 bread rations


   Skills:
 + Level 3.0 Fighting
 + Level 1.4 Short Blades
 + Level 5.2 Bows
 + Level 2.3 Armour
 + Level 3.5 Dodging
 + Level 0.7 Stealth


You had 4 spell levels left.
You didn't know any spells.

Dungeon Overview and Level Annotations

Branches:
Dungeon (4/15)
 Temple: D:4-7

Altars:

Annotations:
D:3 Natasha


Innate Abilities, Weirdness & Mutations

You reflexively headbutt those who attack you in melee.
You have a pair of horns on your head.


Message History

The hound pauses to sniff the ground.
You hit the ogre but do no damage. You headbutt the ogre!
The ogre is severely wounded.
You barely miss the ogre.
The ogre is severely wounded.
The ogre closely misses you.
Your scale mail prevents you from hitting the ogre.
Your headbutt misses the ogre.
The ogre is severely wounded.
The ogre hits you with a giant club!
* * * LOW HITPOINT WARNING * * *
You barely miss the ogre. You headbutt the ogre.
The ogre is almost dead.
The ogre hits you with a giant club!
* * * LOW HITPOINT WARNING * * *
You hit the ogre.
The ogre is almost dead.
The ogre hits you with a giant club!!
Ouch! That really hurt!
You die...

...###. #...#
......#.#..## #...#
..#.........####...######
..... #..#.............#
#.[.##................#
#.......#.............#
.##....##.#.####...####.
.......##.#.# #...#
#...hO@...# #...#
####Z###### #...# #.
#...# .. ##.## .##
####.###### #Z
########.........# #
#........##.#.##.#
#.#.#....>.......#
#..###........#..##


You could see an ogre, a hound and an adder skeleton.

Vanquished Creatures
  Natasha (D:3)
  Robin (D:3)
  4 adders
  An ooze (D:3)
  2 ball pythons (D:1)
  4 giant cockroaches
  15 goblins
  8 hobgoblins
  9 kobolds
  7 bats
  A giant gecko (D:1)
  5 giant newts
  9 rats
67 creatures vanquished.

Notes
Turn   | Place    | Note
--------------------------------------------------------------
     0 | D:1      | Skarn the Minotaur Hunter began the quest for the Orb.
     0 | D:1      | Reached XP level 1. HP: 18/18 MP: 0/0
   135 | D:1      | Reached XP level 2. HP: 25/25 MP: 1/1
   300 | D:1      | Reached skill level 5 in Bows
   662 | D:2      | Reached XP level 3. HP: 26/30 MP: 2/2
  1098 | D:2      | Reached skill level 1 in Short Blades
  1150 | D:3      | Reached skill level 1 in Armour
  1186 | D:3      | Noticed Robin
  1207 | D:3      | Reached XP level 4. HP: 23/37 MP: 3/3
  1219 | D:3      | Killed Robin
  1267 | D:3      | Noticed Natasha
  1291 | D:3      | Killed Natasha
  1716 | D:3      | Reached XP level 5. HP: 43/45 MP: 4/4
  1844 | D:3      | Noticed Natasha
  1982 | D:4      | Noticed an ogre
  1994 | D:4      | Demolished by an ogre

Vault maps used:
D:1:      eino_arrival_cavern_a
D:2:      kennysheep_generic_room_6
D:3:      uniq_robin, uniq_natasha
D:4:      minmay_temple_entry_glassed_door, first_bread, uniq_grinder,
          uniq_menkaure

Action                   |  1- 3 |  4- 6 || total
-------------------------+-------+-------++-------
Melee: Short sword       |   127 |    86 ||   213
 Fire: Shortbow          |     9 |       ||     9
  Use: Scroll            |     1 |     3 ||     4
  Eat: Pizza             |       |     1 ||     1
       Royal jelly       |       |     1 ||     1
